 Dungeon Crawl Stone Soup version 0.26.1-11-gd32895ea62 (webtiles) character file.

Game seed: 16575882330061058012

147 porpoise the Skirmisher (level 5, 0/38 HPs)
             Began as a Halfling Wanderer on July 19, 2021.
             Slain by an iguana (3 damage)
             ... on level 6 of the Dungeon.
             The game lasted 00:06:59 (2651 turns).

porpoise the Skirmisher (Halfling Wanderer)         Turns: 2651, Time: 00:07:00

Health: 0/38       AC:  6    Str: 13    XL:     5   Next: 55%
Magic:  6/6        EV: 12    Int: 10    God:
Gold:   66         SH:  0    Dex: 15    Spells: 6/6 levels left

rFire    . . .     SeeInvis .   a - +2 spear
rCold    . . .     Faith    .   (shield restricted)
rNeg     . . .     Spirit   .   b - +0 ring mail
rPois    .         Reflect  .   (no helmet)
rElec    .         Harm     .   (no cloak)
rCorr    .         Rampage  .   (no gloves)
Will     .....                  k - +0 pair of boots
Stlth    +.........             j - amulet of regeneration
HPRegen  0.52/turn              (no ring)
MPRegen  0.10/turn              (no ring)

@: no status effects
A: small, mutation resistance 1
a: no special abilities


You were on level 6 of the Dungeon.
You visited 1 branch of the dungeon, and saw 4 of its levels.

You collected 66 gold pieces.

Inventory:

Hand Weapons
 a - a +2 spear (weapon)
 i - a +1 whip of freezing
Missiles
 f - 45 stones
 g - 10 poisoned darts (quivered)
 h - 18 sling bullets
Armour
 b - a +0 ring mail (worn)
 k - a +0 pair of boots (worn)
Jewellery
 j - an amulet of regeneration (around neck)
Wands
 m - a wand of paralysis (7)
Scrolls
 l - a scroll of remove curse
Potions
 c - a potion of lignification
 e - a potion of haste


   Skills:
 + Level 4.8 Fighting
 - Level 1.1 Dodging
 - Level 1.1 Stealth
 - Level 1.1 Shields
 - Level 1.0 Spellcasting
 - Level 1.0 Conjurations
 - Level 3.2 Translocations


You had 6 spell levels left.
You didn't know any spells.
Your spell library contained the following spells:

 Spells                   Type           Power        Failure   Level
 Apportation              Tloc           14%          21%         1
 Magic Dart               Conj           8%           45%         1
 Lesser Beckoning         Tloc           3%           52%         3
 Conjure Flame            Conj/Fire      1%           88%         3


Dungeon Overview and Level Annotations

Branches:
Dungeon (3/15)

Altars:
Qazlal
Yredelemnul
The Shining One


Innate Abilities, Weirdness & Mutations

You are small and have problems with some larger weapons.
You are somewhat resistant to further mutation.


Message History

You hit the iguana.
The iguana is severely wounded.
The iguana bites you but does no damage.
You completely miss the iguana.
The iguana is severely wounded.
The iguana bites you but does no damage.
You hit the iguana but do no damage.
The iguana is severely wounded.
The iguana bites you but does no damage.
You barely miss the iguana.
The iguana is severely wounded.
You feel less wooden.
Your +0 pair of boots unmelds from your body.
Your +0 ring mail unmelds from your body.
The iguana bites you.
* * * LOW HITPOINT WARNING * * *
You hit the iguana but do no damage.
The iguana is severely wounded.
The iguana bites you.
You die...

#.)#
#.>#######
##.........
#..........
#..........
#..........
#W...l...?.
#l#########
#@# #.# #.#
#.# #.# #.#
..# .##


You could see a phantom and an iguana.

Vanquished Creatures
  An orc priest (D:6)
  Natasha (D:2)
  An orc wizard (D:6)
  A gnoll (D:1)
  An ufetubus (D:6)
  An ooze (D:1)
  A worm (D:3)
  A dart slug (D:2)
  3 leopard geckos (D:1)
  2 orcs (D:6)
  A giant cockroach (D:2)
  3 goblins (D:1)
  5 hobgoblins (D:1)
  6 jackals (D:1)
  5 bats
  2 frilled lizards (D:1)
  7 kobolds
  2 rats
44 creatures vanquished.

Vanquished Creatures (others)
  2 plants (D:1)
2 creatures vanquished.

Grand Total: 46 creatures vanquished

Notes
Turn   | Place    | Note
-------+----------+-------------------------------------------
     0 | D:1      | porpoise the Halfling Wanderer began the quest for the Orb.
     0 | D:1      | porpoise set off with the following items: a +2 spear, a +0
                  | robe; and the following spells available to memorise:
                  | Apportation, Magic Dart, Lesser Beckoning, Conjure Flame
     0 | D:1      | Reached XP level 1. HP: 14/14 MP: 2/2
    73 | D:1      | Reached skill level 2 in Fighting
    73 | D:1      | Reached XP level 2. HP: 20/20 MP: 3/3
   448 | D:1      | Reached XP level 3. HP: 25/25 MP: 4/4
   496 | D:1      | Reached skill level 3 in Fighting
  1178 | D:1      | Reached XP level 4. HP: 31/32 MP: 5/5
  1459 | D:2      | Noticed Natasha
  1467 | D:2      | Killed Natasha
  1468 | D:2      | Reached skill level 4 in Fighting
  1621 | D:2      | Found a faded altar of an unknown god.
  1744 | D:2      | Found a glowing golden altar of the Shining One.
  1897 | D:2      | Found a basalt altar of Yredelemnul.
  1898 | D:2      | Found a stormy altar of Qazlal.
  2575 | D:3      | You fall into a shaft and drop 3 floors!
  2578 | D:6      | Noticed a phantom
  2605 | D:6      | Reached XP level 5. HP: 13/38 MP: 6/6
  2651 | D:6      | Slain by an iguana

Illustrated notes

Levels and vault maps discovered:
D:1:      matt_arrival_debris, layout_basic, chequers_big_river, st_stairs_2,
          minmay_3d_cube
D:2:      layout_basic, gammafunk_temple_overflow_statue,
          chequers_ecumenical_altar_simple, nicolae_tso_swordbearing_angel,
          uniq_natasha
D:3:      minmay_spotlight, layout_loops_corners
D:6:      cheibrodos_barr_body, layout_basic

Skill      XL: |  1  2  3  4 |
---------------+-------------+-----
Fighting       | 2 3 4 |  4.8
Dodging        | |  1.1
Stealth        | |  1.1
Shields        | |  1.1
Spellcasting   | |  1.0
Conjurations   | |  1.0
Translocations | |  3.2

Action                   |  1- 3 |  4- 6 || total
-------------------------+-------+-------++-------
Melee: Spear             |   100 |    97 ||   197
Throw: Dart              |       |     2 ||     2
  Use: Scroll            |     2 |     4 ||     6
       Potion            |     1 |     1 ||     2
 Stab: Sleeping          |     1 |       ||     1
Armor: Ring mail         |    19 |    27 ||    46
       Skin              |       |    20 ||    20
Dodge: Dodged            |    50 |    41 ||    91
